 Dungeon Crawl Stone Soup version 0.28-a0-750-g7c675f85b1 (webtiles) character file.

Game seed: 7144727199911504011

296 bande the Covered (level 6, 0/38 HPs)
             Began as a Gargoyle Fighter on Oct 29, 2021.
             Slain by a black bear (4 damage)
             ... on level 4 of the Dungeon.
             The game lasted 00:05:09 (3369 turns).

bande the Covered (Gargoyle Fighter)                Turns: 3369, Time: 00:05:10

Health: 0/38       AC: 12    Str: 20    XL:     6   Next: 34%
Magic:  6/6        EV:  9    Int:  8    God:
Gold:   115        SH:  4    Dex: 11    Spells: 5/5 levels left

rFire   . . .      SeeInvis .   a - +0 war axe
rCold   . . .      Faith    .   c - +0 buckler
rNeg    + . .      Spirit   .   b - +0 scale mail
rPois   ∞          Reflect  .   p - +0 helmet
rElec   +          Harm     .   (no cloak)
rCorr   .          Rampage  .   (no gloves)
Will    .....                   (no boots)
Stlth   ..........              (no amulet)
HPRegen 0.12/turn               (no ring)
MPRegen 0.10/turn               (no ring)

@: no status effects
A: sickness immunity, AC +4, negative energy resistance 1, electricity
resistance, torment resistance 1, petrification resistance
a: no special abilities


You were on level 4 of the Dungeon.
You visited 1 branch of the dungeon, and saw 4 of its levels.

You collected 115 gold pieces.

Inventory:

Hand Weapons
 a - a +0 war axe (weapon)
Armour
 b - a +0 scale mail (worn)
 c - a +0 buckler (worn)
 p - a +0 helmet (worn)
Jewellery
 k - a ring of willpower
Scrolls
 j - a scroll of teleportation
Potions
 g - a potion of brilliance
 h - 3 potions of curing
 l - a potion of ambrosia


   Skills:
 + Level 4.2 Fighting
 + Level 4.4 Axes
 + Level 4.4 Armour
 + Level 3.9 Shields


You had 5 spell levels left.
You didn't know any spells.
Your spell library was empty.

Dungeon Overview and Level Annotations

Branches:
Dungeon (4/15)
 Temple: D:4-7

Altars:


Innate Abilities, Weirdness & Mutations

You are immune to sickness and miasma.
Your stone body is resilient. (AC +4)
You are immune to poison.
You resist negative energy. (rN+)
You are resistant to electric shocks. (rElec)
You are resistant to unholy torment.
You are immune to petrification.


Message History

The black bear bites you but does no damage.
The black bear closely misses you. The black bear barely misses you.
You completely miss the black bear.
The black bear is moderately wounded.
The black bear bites you but does no damage.
The black bear claws you but does no damage. x2
The black bear bites you. The black bear claws you.
The black bear barely misses you.
You slash the black bear!
The black bear is severely wounded.
The black bear bites you but does no damage.
The black bear claws you but does no damage.
The black bear barely misses you.
You hit the black bear.
The black bear is severely wounded.
The black bear goes berserk!
You hit the black bear.
The black bear is severely wounded.
The black bear bites you.
The black bear claws you but does no damage.
The black bear claws you. The black bear bites you.
The black bear closely misses you.
The black bear claws you but does no damage.
You completely miss the black bear.
The black bear is severely wounded.
The black bear bites you!
* * * LOW HITPOINT WARNING * * *
You block the black bear's attack.
The black bear claws you but does no damage.
The black bear bites you but does no damage.
The black bear claws you but does no damage. x2
You closely miss the black bear.
The black bear is severely wounded.
The black bear closely misses you. The black bear claws you.
* * * LOW HITPOINT WARNING * * *
The black bear completely misses you.
You hit the black bear.
The black bear is almost dead.
The black bear bites you.
You die...

######
#....##
#.@...##
#h##...#####
#.,##...)).#
#.,,#..###.#
#.,*#..# #.#
#.*#...# #.#
###...## #.#
*#...## #.#
#...#*
#.########


You could see a black bear (berserk).

Vanquished Creatures
  A necrophage (D:4)
  A hound (D:4)
  4 gnolls (D:4)
  4 adders
  2 worms
  3 dart slugs
  An orc (D:3)
  4 bats
  4 endoplasms
  2 giant cockroaches (D:2)
  4 hobgoblins
  7 jackals (D:3)
  3 kobolds
  A quokka (D:2)
  2 ball pythons
  A frilled lizard (D:3)
  5 goblins
  4 rats
53 creatures vanquished.

Vanquished Creatures (collateral kills)
  A gnoll shaman (D:4)
  A gnoll (D:4)
2 creatures vanquished.

Vanquished Creatures (others)
  6 plants (D:1)
6 creatures vanquished.

Grand Total: 61 creatures vanquished

Notes
Turn   | Place    | Note
-------+----------+-------------------------------------------
     0 | D:1      | bande the Gargoyle Fighter began the quest for the Orb.
     0 | D:1      | Reached XP level 1. HP: 14/14 MP: 1/1
   790 | D:1      | Reached XP level 2. HP: 19/19 MP: 2/2
   956 | D:1      | Found a faded altar of an unknown god.
  1142 | D:2      | Reached XP level 3. HP: 23/23 MP: 3/3
  2007 | D:3      | Reached XP level 4. HP: 29/29 MP: 4/4
  2688 | D:4      | Noticed a necrophage
  2705 | D:4      | Killed a necrophage
  2706 | D:4      | Reached XP level 5. HP: 32/33 MP: 5/5
  2976 | D:4      | Reached XP level 6. HP: 17/38 MP: 6/6
  3028 | D:4      | HP: 1/38 [gnoll (1)]
  3355 | D:4      | Noticed a black bear
  3369 | D:4      | Slain by a black bear

Illustrated notes

Levels and vault maps discovered:
D:1:      onia_arrival_mini_maze_b, layout_rooms,
          chequers_ecumenical_altar_grove, minmay_tree_intersection,
          minmay_misc_feat_square, serial_bayou_lagoon_a
D:2:      layout_loops_ring, minmay_misc_feat_five
D:3:      layout_loops_ring, glass_columns_c, kennysheep_decorative_pillar
D:4:      black_bear_nest_2, layout_basic

Skill      XL: |  1  2  3  4  5 |
---------------+----------------+-----
Axes           | 2 3 4 |  4.4
Armour         | 4 |  4.4
Fighting       | 4 |  4.2
Shields        | |  3.9

Action                   |  1- 3 |  4- 6 || total
-------------------------+-------+-------++-------
Melee: War axe           |   103 |    93 ||   196
  Use: Scroll            |       |    12 ||    12
       Potion            |       |     2 ||     2
Armor: Scale mail        |    46 |    70 ||   116
Dodge: Dodged            |    53 |    65 ||   118
Block: Buckler           |    25 |    26 ||    51

Table legend: (Time is in decaauts)
 A = Elapsed time spent in this place.
 B = Non-inter-level travel time spent in this place.
 C = Inter-level travel time spent in this place.
 D = Time resting spent in this place.
 E = Time spent auto-exploring this place.
 F = Levels seen in this place.
 G = Mean time per level.
                   A        B        C        D        E       F      G
               +--------+--------+--------+--------+--------+-----+--------+
         Total |   3442 |   3403 |     39 |    295 |   2453 |   4 |  860.5 |
       Dungeon |   3442 |   3403 |     39 |    295 |   2453 |   4 |  860.5 |
               +--------+--------+--------+--------+--------+-----+--------+

Top non-repeatable levels by time:
     D:1: 1107 daAuts
     D:2: 866 daAuts
     D:4: 758 daAuts
     D:3: 709 daAuts
